 Dungeon Crawl Stone Soup version 0.21.0-3-g78d12a8bdd (webtiles) character file.

88358 Kenran the Brawler (level 15, -15/145 HPs)
             Began as a Demonspawn Gladiator on Jan 15, 2018.
             Was the Champion of Makhleb.
             Killed from afar by an ogre mage (37 damage)
             ... with a bolt of lightning
             ... on level 2 of the Orcish Mines.
             The game lasted 01:05:09 (27650 turns).

Kenran the Brawler (Demonspawn Gladiator)          Turns: 27650, Time: 01:05:09

Health: -15/145    AC: 28    Str: 26    XL:     15   Next: 46%
Magic:  21/21      EV:  7    Int:  9    God:    Makhleb [******]
Gold:   1352       SH: 22    Dex: 16    Spells: 12/14 levels left

rFire    + . .     SeeInvis .     - Unarmed
rCold    + . .     Gourm    .   P - +2 large shield {AC+3}
rNeg     . . .     Faith    .   J - +4 chain mail {rC+}
rPois    +         Spirit   .   c - +0 helmet
rElec    .         Reflect  +   (no cloak)
rCorr    .         Harm     .   e - +0 pair of gloves
MR       +....                  i - +0 pair of boots
Stlth    ..........             r - +2 amulet of reflection
HPRegen  0.34/turn              L - ring of poison resistance
MPRegen  0.17/turn              z - +6 ring of strength

@: very slightly contaminated, slowed, very slow
A: claws 1, iridescent scales 3, demonic guardian 1, fire resistance 1, robust 2
a: Minor Destruction, Lesser Servant of Makhleb, Major Destruction, Greater
Servant of Makhleb, Renounce Religion


You were on level 2 of the Orcish Mines.
You worshipped Makhleb.
Makhleb was exalted by your worship.
You were not hungry.

You visited 4 branches of the dungeon, and saw 24 of its levels.
You visited 1 bazaar.
You also visited: Sewer.

You collected 2056 gold pieces.
You spent 704 gold pieces at shops.

Inventory:

Missiles
 d - 4 throwing nets
 l - 509 stones (quivered)
Armour
 c - a +0 helmet (worn)
 e - a +0 pair of gloves (worn)
 i - a +0 pair of boots (worn)
 J - a +4 chain mail of cold resistance (worn)
 P - a +2 large shield of protection (worn)
 U - a +2 plate armour of fire resistance
Jewellery
 g - an uncursed ring of protection from fire
 r - a +2 amulet of reflection (around neck)
 z - a +6 ring of strength (right hand)
 L - a ring of poison resistance (left hand)
 S - an uncursed ring of protection from cold
Wands
 h - a wand of enslavement (11)
 q - a wand of disintegration (4)
 F - a wand of paralysis (29)
 I - a wand of iceblast (11)
 K - a wand of polymorph (10)
 Q - a wand of acid (11)
 V - a wand of clouds (3)
 W - a wand of flame (25)
 Z - a wand of digging (39)
Scrolls
 b - 9 scrolls of remove curse {@r2}
 j - 7 scrolls of fog
 n - 3 scrolls of enchant armour
 o - 6 scrolls of amnesia
 y - 5 scrolls of enchant weapon
 B - 12 scrolls of teleportation {@r4}
 M - 3 scrolls of silence
 R - a scroll of blinking {@r3}
Potions
 a - 2 potions of mutation {!q}
 k - 5 potions of cancellation {@q6}
 p - 2 potions of haste {unknown}
 s - a potion of brilliance
 t - 9 potions of curing {@q1}
 v - a potion of invisibility
 w - a potion of berserk rage {!q}
 x - 2 potions of resistance
 A - 3 potions of agility {unknown}
 C - 9 potions of heal wounds {@q2}
 D - a potion of magic {unknown}
 E - 6 potions of might {@q4}
 G - 3 potions of degeneration {unknown}
 H - 5 potions of flight {unknown}
 N - a potion of ambrosia
 Y - 2 potions of lignification {unknown}
Miscellaneous
 u - a fan of gales
 T - a phantom mirror
Comestibles
 f - 40 rations
 m - 10 chunks of flesh


   Skills:
 * Level 12.2 Fighting
   Level 5.6 Long Blades
 - Level 1.7 Throwing
 - Level 9.2 Armour
 - Level 2.6 Dodging
 + Level 9.8 Shields
 - Level 16.3 Unarmed Combat
 - Level 8.3 Invocations
 - Level 4.3 Evocations


You had 12 spell levels left.
You knew the following spells:

 Your Spells              Type           Power        Failure   Level  Hunger
a - Apportation           Tloc           #.....       100%        1    ##.....
b - Summon Butterflies    Summ           #.......     100%        1    ##.....


Dungeon Overview and Level Annotations

Branches:
Dungeon (15/15)            Temple (1/1) D:5            Lair (6/6) D:8
 Shoals (0/4) Lair:4        Snake (0/4) Lair:4        Slime (0/5) Lair:5
    Orc (2/2) D:9             Elf (0/3) Orc:2        Vaults (0/5) D:13
 Depths (0/5) D:15

Altars:
Ashenzari
Cheibriados
Dithmenos
Elyvilon
Fedhas
Gozag
Hepliaklqana
Kikubaaqudgha
Makhleb
Nemelex Xobeh
Okawaru
Qazlal
Ru
Sif Muna
Trog
Uskayaw
Vehumet
Wu Jian
Xom
Yredelemnul
Zin
The Shining One
Beogh
Jiyva

Shops:
D:6 *   D:11 *   D:14 }   D:15 [   Orc:2 !*}}*

Annotations:
Lair:4 Vault


Innate Abilities, Weirdness & Mutations

You have sharp fingernails.
You are completely covered in iridescent scales. (AC +6)
A weak demonic guardian rushes to your aid.
Your flesh is heat resistant. (rF+)
You are very robust. (+20% HP)


Message History

You hit the ogre mage but do no damage.
The ogre mage is severely wounded.
You block the ogre's attack. You block the ogre mage's attack.
The two-headed ogre hits you with a giant spiked club.
The two-headed ogre hits you but does no damage.
The ogre mage casts a spell at you. The bolt of lightning hits you!
* * * LOW HITPOINT WARNING * * *
The ogre hits you but does no damage.
The orc warrior hits you but does no damage.
The two-headed ogre hits you with a giant spiked club!
* * * LOW HITPOINT WARNING * * *
The two-headed ogre hits you but does no damage.
Blink to where?
Press: ? - help, Dir - move target cursor You are very lightly contaminated with residual magic.
As you read the scroll of blinking {@r3}, it crumbles to dust.
The ogre mage points at you and mumbles some strange words.
The bolt of lightning hits you!
You die...

.....#.....................
∩................................
#................................
..[..............................
.................................
.................................
.................................
......................OO..)......
.#..............@......O)o)).....
###.#.#.##.#...##......5oo##.....
# ######################### ####


You could see a two-headed ogre, an ogre mage, an ogre and a friendly white imp.

Vanquished Creatures
  Nessos (D:15)
  A yaktaur captain (D:15)
  5 hydras
  14 two-headed ogres
  A death knight (D:15)
  2 centaur warriors
  An ogre mage (Orc:2)
  2 tengu warriors (D:13)
  Erica (Orc:1)
  An orc high priest (Orc:2)
  Sonja (D:11)
  Nergalle (Lair:4)
  3 skeletal warriors (D:13)
  2 unseen horrors
  3 orc knights
  A wolf spider zombie (D:14)
  2 deep elf magi
  21 ugly things
  4 manticores
  2 orc sorcerers
  2 cyclopes
  9 elephants
  A moth of wrath (shapeshifter) (D:15)
  A black mamba (Lair:6)
  16 spiny frogs
  A gargoyle (D:15)
  7 komodo dragons
  An efreet (D:14)
  6 yaktaurs (D:15)
  9 trolls
  A meliai (shapeshifter) (D:14)
  2 polar bears
  A tyrant leech (Lair:6)
  4 hippogriffs
  A hornet (D:12)
  A snapping turtle (Lair:4)
  14 blink frogs
  3 dream sheep (Lair:5)
  A spriggan (D:7)
  2 wraiths
  2 centaur simulacra
  4 vampires
  3 basilisks
  3 wyverns
  21 yaks
  13 humans (D:13)
  Eustachio (D:5)
  16 vampire mosquitoes
  7 hungry ghosts
  Menkaure (D:5)
  2 wargs (Orc:2)
  3 nagas (Lair:4)
  An acid dragon (D:12)
  11 water moccasins
  A soldier ant (D:15)
  11 porcupines
  Duvessa (D:6)
  6 ice beasts
  20 orc warriors
  2 eyes of draining
  Purgy (Sewer)
  22 ogres
  A necrophage (D:10)
  4 black bears
  3 wolves (Lair:4)
  5 centaurs
  12 crocodiles
  A big kobold (D:11)
  22 bullfrogs
  A wyvern skeleton (D:13)
  2 scorpions
  3 wights (D:15)
  3 killer bees (D:9)
  2 electric eels
  9 howler monkeys
  2 bullfrog zombies
  7 crimson imps
  A hound (D:8)
  5 centaur zombies
  10 orc priests
  7 centaur skeletons
  9 jellies
  A bullfrog skeleton (D:12)
  9 worker ants
  Ijyb (D:4)
  4 iguanas
  16 orc wizards
  A hound skeleton (D:4)
  2 worker ant zombies
  8 gnolls
  A howler monkey skeleton (D:5)
  14 adders
  6 shadow imps
  5 white imps (D:14)
  An ufetubus (D:14)
  An adder zombie (D:5)
  A worm (D:4)
  2 dart slugs
  5 leopard geckos
  71 orcs
  2 ball pythons (Sewer)
  8 bats
  3 giant cockroaches
  6 hobgoblins
  10 jackals
  11 kobolds
  3 quokkas
  9 frilled lizards
  9 goblins
  A leopard gecko zombie (D:8)
  5 rats
  A butterfly (Lair:6)
  2 plants (Lair:5)
632 creatures vanquished.

Vanquished Creatures (collateral kills)
  A hydra (Lair:5)
  2 centaur warriors
  A two-headed ogre (D:11)
  A skeletal warrior (D:13)
  An orc knight (D:13)
  A black mamba (Lair:1)
  An elephant (Lair:6)
  A centaur skeleton (D:13)
  6 spiny frogs
  A yaktaur (shapeshifter) (D:13)
  A redback zombie (D:15)
  3 tyrant leeches (Lair:6)
  A dream sheep (Lair:5)
  5 blink frogs
  2 hippogriffs
  2 yaks
  3 humans (D:13)
  A water moccasin (Lair:6)
  An orc warrior (D:10)
  2 porcupines (D:8)
  A sky beast (D:6)
  4 ogres
  2 centaurs
  3 bullfrogs
  Dowan (D:6)
  A killer bee (D:9)
  A crimson imp (D:8)
  5 orcs
55 creatures vanquished.

Vanquished Creatures (others)
  2 centaur warriors
  An orc warrior (Orc:2)
  2 centaurs
  An orc (Orc:2)
  A kobold (D:11)
  16 fungi
  39 plants (Lair:6)
62 creatures vanquished.

Grand Total: 749 creatures vanquished

Notes
Turn   | Place    | Note
-------+----------+-------------------------------------------
     0 | D:1      | Kenran the Demonspawn Gladiator began the quest for the Orb.
     0 | D:1      | Reached XP level 1. HP: 16/16 MP: 1/1
     1 | D:1      | Noticed an electric eel
   272 | D:1      | Gained mutation: You are partially covered in iridescent scales. (AC +2) [demonic ancestry]
   272 | D:1      | Reached XP level 2. HP: 22/22 MP: 2/2
  1194 | D:2      | Reached XP level 3. HP: 25/27 MP: 3/3
  2181 | D:3      | Found a shimmering altar of Xom.
  2530 | D:3      | Found a glowing drain.
  2550 | D:3      | Reached XP level 4. HP: 33/33 MP: 4/4
  2650 | Sewer    | Entered a sewer
  2869 | Sewer    | Noticed Purgy
  2884 | Sewer    | Killed Purgy
  2884 | Sewer    | Reached skill level 5 in Long Blades
  2884 | Sewer    | Gained mutation: You have sharp fingernails. [demonic ancestry]
  2884 | Sewer    | Reached XP level 5. HP: 24/38 MP: 5/5
  3634 | D:4      | Reached skill level 1 in Unarmed Combat
  3864 | D:4      | Reached skill level 2 in Unarmed Combat
  3864 | D:4      | Reached XP level 6. HP: 23/44 MP: 6/6
  4249 | D:4      | Reached skill level 3 in Unarmed Combat
  4757 | D:5      | Entered Level 5 of the Dungeon
  4911 | D:5      | Reached skill level 4 in Unarmed Combat
  4911 | D:5      | Gained mutation: Your flesh is heat resistant. (rF+) [demonic ancestry]
  4911 | D:5      | Reached XP level 7. HP: 36/50 MP: 7/7
  5178 | D:5      | Reached skill level 5 in Unarmed Combat
  5569 | D:5      | Noticed Ijyb
  5608 | D:5      | Noticed Eustachio
  5621 | D:4      | Killed Ijyb
  5621 | D:4      | Reached skill level 6 in Unarmed Combat
  5735 | D:5      | Killed Eustachio
  5762 | D:5      | Gained mutation: A weak demonic guardian rushes to your aid. [demonic ancestry]
  5762 | D:5      | Reached XP level 8. HP: 54/56 MP: 8/8
  5781 | D:5      | Noticed Menkaure
  5938 | D:5      | Killed Menkaure
  5938 | D:5      | Reached skill level 7 in Unarmed Combat
  6024 | D:5      | Found a staircase to the Ecumenical Temple.
  6122 | Temple   | Entered the Ecumenical Temple
  6460 | Temple   | Became a worshipper of Makhleb the Destroyer
  6739 | D:6      | Noticed Duvessa
  6740 | D:6      | Noticed Dowan
  6753 | D:6      | Killed Duvessa
  6753 | D:6      | Reached skill level 1 in Invocations
  6756 | D:6      | Killed Dowan
  7002 | D:6      | Found Fucecem's Assorted Antiques.
  7010 | D:6      | Bought a wand of paralysis (9) for 32 gold pieces
  7010 | D:6      | Bought a sedimented green potion for 14 gold pieces
  7222 | D:6      | Found a sparkling altar of Nemelex Xobeh.
  7555 | D:7      | Reached skill level 8 in Unarmed Combat
  7570 | D:7      | Reached skill level 5 in Invocations
  8258 | D:7      | Reached XP level 9. HP: 60/61 MP: 13/13
  8608 | D:7      | Reached * piety under Makhleb
  8827 | D:7      | Reached skill level 9 in Unarmed Combat
  9992 | D:8      | Found a staircase to the Lair.
 10308 | D:8      | Reached XP level 10. HP: 73/73 MP: 16/16
 10321 | D:8      | Reached skill level 5 in Fighting
 10326 | D:8      | Reached ** piety under Makhleb
 10404 | D:8      | Reached skill level 10 in Unarmed Combat
 10699 | D:8      | You fall through a shaft!
 10966 | D:9      | Found a staircase to the Orcish Mines.
 11323 | D:9      | Identified Vehumet's Volume of Combat Magic
 11426 | D:9      | Noticed a cyclops
 11430 | D:9      | Killed a cyclops
 11668 | D:10     | Entered Level 10 of the Dungeon
 12035 | D:10     | Reached skill level 1 in Armour
 12398 | D:10     | Reached *** piety under Makhleb
 12646 | D:11     | Found Qoafan's Assorted Antiques.
 12656 | D:11     | Bought a runed large shield for 255 gold pieces
 12656 | D:11     | Bought a golden potion for 30 gold pieces
 12656 | D:11     | Bought a ruby potion for 30 gold pieces
 12697 | D:11     | Noticed Sonja
 12707 | D:11     | Killed Sonja
 12707 | D:11     | Reached skill level 5 in Armour
 12802 | D:11     | Gained mutation: You are mostly covered in iridescent scales. (AC +4) [demonic ancestry]
 12802 | D:11     | Reached XP level 11. HP: 86/86 MP: 17/17
 12803 | D:11     | Noticed a two-headed ogre
 12810 | D:11     | Killed a two-headed ogre
 12892 | D:11     | Killed an unseen horror
 13182 | D:11     | Noticed a six-headed hydra
 13192 | D:11     | Killed a six-headed hydra
 13192 | D:11     | Reached skill level 1 in Shields
 13349 | D:12     | Noticed a two-headed ogre
 13359 | D:12     | Killed a two-headed ogre
 13465 | D:12     | Killed an unseen horror
 13647 | D:12     | Found a blossoming altar of Fedhas.
 13962 | D:12     | Reached skill level 11 in Unarmed Combat
 14477 | Lair:1   | Entered Level 1 of the Lair of Beasts
 15983 | Lair:2   | Reached **** piety under Makhleb
 16368 | Lair:3   | Learned a level 1 spell: Apportation
 16370 | Lair:3   | Learned a level 1 spell: Summon Butterflies
 16396 | Lair:3   | Found a shimmering altar of Xom.
 16500 | Lair:3   | Reached skill level 12 in Unarmed Combat
 16500 | Lair:3   | Gained mutation: You are completely covered in iridescent scales. (AC +6) [demonic ancestry]
 16500 | Lair:3   | Reached XP level 12. HP: 92/92 MP: 18/18
 17418 | Lair:3   | Identified a scroll of acquirement
 17500 | Lair:4   | Reached skill level 5 in Shields
 17662 | Lair:4   | Found a staircase to the Snake Pit.
 17822 | Lair:4   | Reached skill level 1 in Evocations
 17884 | Lair:4   | Noticed Nergalle
 17891 | Lair:4   | Killed Nergalle
 18120 | Lair:4   | You fall through a shaft for 2 floors!
 18120 | Lair:6   | Entered Level 6 of the Lair of Beasts
 18211 | Lair:6   | Reached skill level 13 in Unarmed Combat
 18498 | Lair:5   | Found a viscous altar of Jiyva.
 18498 | Lair:5   | Found a staircase to the Slime Pits.
 19029 | Lair:4   | Found a staircase to the Shoals.
 19577 | Lair:6   | Noticed a five-headed hydra
 19579 | Lair:6   | Noticed an eight-headed hydra
 20027 | Lair:5   | Killed an eight-headed hydra
 20084 | Lair:5   | Killed a five-headed hydra
 20374 | Lair:6   | Noticed an eight-headed hydra
 20376 | Lair:6   | Noticed an eight-headed hydra
 20378 | Lair:6   | Gained mutation: You are robust. (+10% HP) [demonic ancestry]
 20378 | Lair:6   | Reached XP level 13. HP: 96/111 MP: 19/19
 20824 | Lair:6   | Reached skill level 14 in Unarmed Combat
 20909 | Lair:6   | Reached skill level 10 in Fighting
 21327 | Lair:6   | Got an encrusted ring mail
 21339 | Lair:6   | Identified the +3 ring mail of Diqumao {MR+++ Str-4 Dex-5 SInv} (You found it on level 6 of the Lair of Beasts)
 21441 | Lair:6   | Reached ***** piety under Makhleb
 22969 | D:13     | Reached skill level 15 in Unarmed Combat
 23223 | D:13     | Reached XP level 14. HP: 119/122 MP: 20/20
 23421 | D:13     | Found a gate to the Vaults.
 23850 | D:14     | Found a flickering gateway to a bazaar.
 23866 | Bazaar   | Entered a bazaar
 23868 | Bazaar   | Found Ritaar's Weapon Boutique.
 23872 | Bazaar   | Found Dunext's General Store.
 23872 | Bazaar   | Found Vekhlo Xairo's General Store.
 23873 | Bazaar   | Found Ugynkor's Food Boutique.
 23898 | Bazaar   | Bought a scroll of identify for 22 gold pieces
 23913 | Bazaar   | Bought 2 potions of heal wounds for 170 gold pieces
 23913 | Bazaar   | Bought a potion of heal wounds for 85 gold pieces
 23955 | D:14     | Reached ****** piety under Makhleb
 24628 | D:14     | Found Huwon's Gadget Shoppe.
 24864 | D:15     | Entered Level 15 of the Dungeon
 24868 | D:15     | Noticed Nessos
 25040 | D:15     | Killed Nessos
 25306 | D:15     | Found a staircase to the Depths.
 25440 | D:15     | Reached skill level 16 in Unarmed Combat
 25647 | D:15     | Gained mutation: You are very robust. (+20% HP) [demonic ancestry]
 25647 | D:15     | Reached XP level 15. HP: 124/141 MP: 21/21
 25919 | D:15     | Found Sutriaf's Antique Armour Shop.
 26602 | Orc:1    | Entered Level 1 of the Orcish Mines
 26602 | Orc:1    | Noticed Erica
 26618 | Orc:1    | Killed Erica
 26725 | Orc:2    | Entered Level 2 of the Orcish Mines
 26751 | Orc:2    | Found a staircase to the Elven Halls.
 26837 | Orc:2    | Found Lynliula's Distillery.
 27317 | Orc:2    | Found a roughly hewn altar of Beogh.
 27486 | Orc:2    | Found Relomiguma's Gadget Shop.
 27486 | Orc:2    | Found Egroserph's General Store.
 27486 | Orc:2    | Found Afeech's General Store.
 27486 | Orc:2    | Found Hageasay's Gadget Shop.
 27507 | Orc:2    | Bought a scroll of teleportation for 42 gold pieces
 27509 | Orc:2    | Bought a scroll of identify for 24 gold pieces
 27606 | Orc:2    | Paralysed by an orc sorcerer for 3 turns
 27650 | Orc:2    | Killed from afar by an ogre mage

Skill      XL: |  1  2  3  4  5  6  7  8  9 10 11 12 13 14 15 |
---------------+----------------------------------------------+-----
Long Blades    | 3 4 5 |  5.6
Unarmed Combat | 2 4 6 8 9 10 12 13 15 16 | 16.3
Invocations    | 6 8 |  8.3
Fighting       | 4 8 9 10 11 12 | 12.2
Armour         | 5 6 8 9 |  9.2
Shields        | 4 5 8 9 |  9.8
Evocations     | 4 |  4.3
Throwing       | |  1.7
Dodging        | |  2.6

Action                   |  1- 3 |  4- 6 |  7- 9 | 10-12 | 13-15 || total
-------------------------+-------+-------+-------+-------+-------++-------
Melee: Long sword        |   131 |   196 |   113 |       |       ||   440
       Unarmed           |       |       |   355 |   912 |  1544 ||  2811
Throw: Stone             |    10 |       |     6 |       |       ||    16
       Throwing net      |     1 |       |       |       |       ||     1
Invok: Lesser Servant of |       |       |       |     4 |     5 ||     9
Evoke: Wand              |       |       |     9 |     4 |     2 ||    15
  Use: Scroll            |     2 |     9 |     5 |    11 |    11 ||    38
       Potion            |       |       |     1 |       |     3 ||     4
 Stab: Sleeping          |     2 |       |       |       |       ||     2
       Paralysed         |       |       |    20 |     9 |     7 ||    36
       Distracted        |       |       |     6 |     7 |     7 ||    20
       Confused          |       |       |       |     1 |       ||     1
  Eat: Chunk             |     5 |     4 |     3 |    13 |    26 ||    51
       Ration            |       |     2 |     4 |     6 |     2 ||    14
Armor: Leather armour    |    64 |       |       |       |       ||    64
       Chain mail        |     3 |   137 |   226 |   432 |   581 ||  1379
Dodge: Dodged            |    52 |    45 |    85 |   120 |   199 ||   501
Block: Shield            |    39 |    92 |   165 |    79 |       ||   375
       Reflection        |       |     1 |     5 |     4 |    35 ||    45
       Large shield      |       |       |       |   579 |  1396 ||  1975
       Rpst.: Long sword |    14 |    17 |     8 |       |       ||    39
